General information
- name: BNet
- type: Ladder team game (AT/RT)
- host: Battle.net
- saver: DanielCormier
map: Sanctuary_LV
- players: 8
- length: 38:43
- speed: Fast
- version: 1.30 W3XP
- replay type: Public
» download(487 KB)
Players
team 1 (loser)
RainDance (
pink | 153 APM | 4411 actions | 28:48)
8 Tauren Chieftain
3 War Stomp
3 Endurance Aura
1 Reincarnation
1 Shockwave
5 Shadow Hunter
3 Healing Wave
2 Serpent Ward
» actions
| Assign group hotkey | 88 | |
| Basic commands | 118 | |
| Build / train | 129 | |
| Enter build submenu | 25 | |
| Enter hero's abilities submenu | 14 | |
| Give item / drop item | 4 | |
| Remove unit from queue | 1 | |
| Right click | 1706 | |
| Select / deselect | 678 | |
| Select group hotkey | 1478 | |
| Use ability | 170 | |
4411 total
» units
| Peon | 19 | |
| Troll Headhunter/Berserker | 24 | |
| Wind Rider | 15 | |
| Shaman | 9 | |
| Troll Witch Doctor | 7 | |
| Kodo Beast | 1 | |
| Spirit Walker | 2 | |
77 total
» upgrades
| Ranged Weapons | 2 | |
| Troll Regeneration | 1 | |
| Shaman Training | 2 | |
| Berserker Upgrade | 1 | |
| Envenomed Spears | 1 | |
| Witch Doctor Training | 2 | |
| War Drums Damage Increase | 1 | |
| Reinforced Defenses | 1 | |
| Spirit Walker Training | 1 | |
12 total
» buildings
| Orc Burrow | 6 | |
| War Mill | 1 | |
| Barracks | 1 | |
| Altar of Storms | 1 | |
| Voodoo Lounge | 1 | |
| Great Hall | 3 | |
| Stronghold | 1 | |
| Watch Tower | 6 | |
| Fortress | 1 | |
| Spirit Lodge | 2 | |
| Beastiary | 2 | |
| Tauren Totem | 1 | |
26 total
» build order
00:18 Orc Burrow
00:26 War Mill
00:42 Barracks
01:03 Altar of Storms
01:48 Orc Burrow
02:25 Voodoo Lounge
03:24 Orc Burrow
04:43 Great Hall
05:32 Stronghold
05:48 Watch Tower
05:51 Watch Tower
06:29 Watch Tower
06:33 Watch Tower
09:11 Fortress
09:13 Spirit Lodge
09:15 Beastiary
10:00 Spirit Lodge
12:05 Orc Burrow
13:04 Beastiary
13:18 Orc Burrow
14:02 Orc Burrow
18:44 Tauren Totem
22:12 Great Hall
23:52 Great Hall
25:59 Watch Tower
26:00 Watch Tower
» items
| Lesser Clarity Potion | 8 | |
| Healing Salve | 4 | |
| Scroll of Town Portal | 2 | |
| Scroll of Speed | 1 | |
| Orb of Lightning | 2 | |
| Potion of Healing | 2 | |
| Potion of Mana | 1 | |
20 total

»
Saintws (
green | 121 APM | 4216 actions | 34:47)
8 Crypt Lord
3 Carrion Beetles
3 Spiked Carapace
1 Locust Swarm
1 Impale
8 Death Knight
3 Death Coil
3 Unholy Aura
1 Animate Dead
1 Death Pact
» actions
| Assign group hotkey | 84 | |
| Basic commands | 434 | |
| Build / train | 125 | |
| ESC pressed | 1 | |
| Enter build submenu | 29 | |
| Enter hero's abilities submenu | 17 | |
| Give item / drop item | 9 | |
| Right click | 1977 | |
| Select / deselect | 510 | |
| Select group hotkey | 825 | |
| Use ability | 205 | |
4216 total
» units
| Acolyte | 16 | |
| Ghoul | 5 | |
| Crypt Fiend | 2 | |
| Goblin Shredder | 3 | |
| Obsidian Statue | 4 | |
| Frost Wyrm | 21 | |
| Abomination | 2 | |
53 total
» upgrades
| Creature Attack | 3 | |
| Creature Carapace | 3 | |
| Destroyer Form | 1 | |
| Freezing Breath | 1 | |
| Disease Cloud | 1 | |
| Unholy Armor | 1 | |
10 total
» buildings
| Crypt | 1 | |
| Graveyard | 1 | |
| Ziggurat | 10 | |
| Altar of Darkness | 1 | |
| Tomb of Relics | 1 | |
| Necropolis | 1 | |
| Halls of the Dead | 1 | |
| Spirit Tower | 5 | |
| Sacrificial Pit | 1 | |
| Black Citadel | 2 | |
| Slaughterhouse | 1 | |
| Boneyard | 4 | |
29 total
» build order
00:15 Crypt
00:29 Graveyard
00:49 Ziggurat
01:09 Altar of Darkness
01:47 Tomb of Relics
02:27 Ziggurat
02:52 Ziggurat
05:05 Necropolis
05:32 Halls of the Dead
07:00 Ziggurat
07:03 Ziggurat
07:27 Ziggurat
07:30 Ziggurat
08:18 Ziggurat
08:28 Spirit Tower
08:34 Sacrificial Pit
08:49 Spirit Tower
09:15 Spirit Tower
09:36 Black Citadel
09:36 Black Citadel
09:39 Spirit Tower
09:40 Spirit Tower
10:15 Slaughterhouse
12:06 Boneyard
12:09 Boneyard
12:16 Boneyard
12:22 Ziggurat
12:28 Ziggurat
14:36 Boneyard
» items
| Rod of Necromancy | 4 | |
| Sacrificial Skull | 1 | |
| Potion of Healing | 7 | |
| Boots of Speed | 1 | |
| Periapt of Vitality | 1 | |
| Scroll of Town Portal | 7 | |
| Orb of Corruption | 1 | |
| Scroll of Healing | 4 | |
| Potion of Mana | 5 | |
| Dust of Appearance | 1 | |
32 total

»
faast (
blue | 37 APM | 1301 actions | 34:56)
5 Far Seer
3 Feral Spirit
2 Chain Lighting
3 Shadow Hunter
1 Healing Wave
1 Hex
1 Serpent Ward
» actions
| Basic commands | 3 | |
| Build / train | 61 | |
| Enter build submenu | 47 | |
| Enter hero's abilities submenu | 8 | |
| Give item / drop item | 1 | |
| Remove unit from queue | 3 | |
| Right click | 473 | |
| Select / deselect | 589 | |
| Use ability | 116 | |
1301 total
» units
| Peon | 12 | |
| Grunt | 11 | |
| Goblin Shredder | 1 | |
| Troll Witch Doctor | 2 | |
| Raider | 3 | |
29 total
» upgrades
| Melee Weapons | 3 | |
| Armor | 2 | |
| Spiked Barricades | 3 | |
| Witch Doctor Training | 2 | |
| Ensnare | 1 | |
11 total
» buildings
| Altar of Storms | 4 | |
| Barracks | 1 | |
| Orc Burrow | 16 | |
| War Mill | 2 | |
| Voodoo Lounge | 1 | |
| Watch Tower | 12 | |
| Stronghold | 2 | |
| Fortress | 1 | |
| Great Hall | 5 | |
| Spirit Lodge | 1 | |
| Beastiary | 2 | |
47 total
» build order
00:13 Altar of Storms
00:19 Barracks
00:25 Orc Burrow
01:47 Orc Burrow
02:29 War Mill
02:49 Voodoo Lounge
03:32 Orc Burrow
04:49 Watch Tower
05:49 Watch Tower
06:58 Stronghold
07:44 Orc Burrow
09:22 Fortress
10:35 Orc Burrow
11:38 Great Hall
11:41 Watch Tower
12:19 Orc Burrow
12:22 Watch Tower
12:30 Spirit Lodge
13:12 Watch Tower
13:14 Orc Burrow
13:45 Watch Tower
14:08 Beastiary
15:21 Beastiary
16:32 Orc Burrow
17:09 Great Hall
18:07 Watch Tower
18:13 Orc Burrow
20:01 Great Hall
20:06 Orc Burrow
20:13 Great Hall
20:17 Orc Burrow
20:36 War Mill
23:27 Great Hall
23:54 Altar of Storms
23:59 Orc Burrow
24:45 Altar of Storms
27:32 Watch Tower
27:51 Orc Burrow
28:23 Watch Tower
29:18 Stronghold
30:10 Watch Tower
30:12 Orc Burrow
31:09 Watch Tower
32:25 Altar of Storms
32:27 Orc Burrow
32:51 Watch Tower
33:11 Orc Burrow
» items
| Scroll of Town Portal | 4 | |
| Potion of Mana | 2 | |
| Orb of Lightning | 1 | |
| Potion of Healing | 1 | |
8 total
Mr_Churchill (
purple | 36 APM | 1396 actions | 38:41)
4 Blademaster
2 Wind Walk
1 Critical Strike
1 Mirror Image
» actions
| Basic commands | 93 | |
| Build / train | 93 | |
| Enter build submenu | 23 | |
| Enter hero's abilities submenu | 4 | |
| Remove unit from queue | 1 | |
| Right click | 638 | |
| Select / deselect | 505 | |
| Use ability | 39 | |
1396 total
» units
| Peon | 12 | |
| Troll Headhunter/Berserker | 41 | |
| Shaman | 18 | |
71 total
» upgrades
| Ranged Weapons | 3 | |
| Armor | 3 | |
| Troll Regeneration | 1 | |
| Shaman Training | 2 | |
| Spiked Barricades | 1 | |
| Berserker Upgrade | 1 | |
| Reinforced Defenses | 1 | |
12 total
» buildings
| Orc Burrow | 6 | |
| Altar of Storms | 1 | |
| Barracks | 3 | |
| War Mill | 1 | |
| Stronghold | 2 | |
| Great Hall | 1 | |
| Spirit Lodge | 1 | |
| Fortress | 1 | |
| Watch Tower | 11 | |
| Voodoo Lounge | 1 | |
28 total
» build order
00:12 Orc Burrow
00:47 Altar of Storms
01:19 Barracks
01:31 Orc Burrow
02:15 War Mill
03:15 Stronghold
03:15 Stronghold
03:38 Barracks
03:44 Barracks
04:21 Orc Burrow
07:05 Great Hall
07:28 Orc Burrow
07:30 Orc Burrow
07:47 Spirit Lodge
09:33 Fortress
10:39 Watch Tower
13:16 Orc Burrow
14:20 Voodoo Lounge
18:45 Watch Tower
18:46 Watch Tower
20:02 Watch Tower
20:06 Watch Tower
20:07 Watch Tower
26:41 Watch Tower
26:43 Watch Tower
31:20 Watch Tower
31:21 Watch Tower
31:22 Watch Tower
» items
team 2 (winner)
DanielCormier (
teal | 160 APM | 6203 actions | 38:43)
10 Tauren Chieftain
3 War Stomp
3 Endurance Aura
1 Reincarnation
3 Shockwave
9 Shadow Hunter
3 Hex
3 Healing Wave
1 Big Bad Voodoo
2 Serpent Ward
» actions
| Assign group hotkey | 47 | |
| Basic commands | 543 | |
| Build / train | 143 | |
| ESC pressed | 4 | |
| Enter build submenu | 58 | |
| Enter hero's abilities submenu | 21 | |
| Give item / drop item | 3 | |
| Right click | 2770 | |
| Select / deselect | 1253 | |
| Select group hotkey | 1115 | |
| Use ability | 245 | |
6203 total
» units
| Peon | 40 | |
| Troll Headhunter/Berserker | 15 | |
| Goblin Shredder | 3 | |
| Wind Rider | 20 | |
78 total
» upgrades
| Reinforced Defenses | 1 | |
| Berserker Upgrade | 1 | |
| Ranged Weapons | 3 | |
| Armor | 3 | |
| Envenomed Spears | 1 | |
| Spiked Barricades | 2 | |
11 total
» buildings
| Altar of Storms | 1 | |
| Orc Burrow | 7 | |
| War Mill | 3 | |
| Barracks | 1 | |
| Voodoo Lounge | 3 | |
| Great Hall | 6 | |
| Stronghold | 1 | |
| Watch Tower | 31 | |
| Fortress | 1 | |
| Beastiary | 2 | |
56 total
» build order
00:03 Altar of Storms
00:07 Orc Burrow
00:23 War Mill
01:05 Barracks
01:54 Orc Burrow
02:23 Voodoo Lounge
04:20 Great Hall
05:01 Stronghold
05:21 Orc Burrow
06:26 Orc Burrow
10:04 Orc Burrow
12:11 Orc Burrow
12:59 Orc Burrow
13:01 Watch Tower
13:03 Watch Tower
13:07 Watch Tower
13:07 Fortress
13:50 Watch Tower
15:12 Watch Tower
15:19 Watch Tower
15:23 Great Hall
15:24 Great Hall
16:02 Watch Tower
16:21 Watch Tower
16:53 Watch Tower
16:55 Watch Tower
16:56 Watch Tower
18:06 Beastiary
18:07 Beastiary
18:11 Great Hall
21:09 Watch Tower
21:10 Watch Tower
21:10 Watch Tower
22:22 Watch Tower
22:24 Watch Tower
22:25 Watch Tower
23:28 Watch Tower
23:29 Watch Tower
24:13 Watch Tower
24:30 Watch Tower
24:32 Voodoo Lounge
25:47 Watch Tower
26:48 Watch Tower
30:15 Great Hall
30:16 Watch Tower
30:17 Watch Tower
30:26 War Mill
30:37 Watch Tower
30:38 Watch Tower
32:05 Watch Tower
32:06 Watch Tower
32:08 Watch Tower
33:25 Great Hall
35:16 Watch Tower
36:36 Voodoo Lounge
38:26 War Mill
» items
| Healing Salve | 6 | |
| Lesser Clarity Potion | 6 | |
| Potion of Healing | 2 | |
| Scroll of Town Portal | 5 | |
| Potion of Mana | 7 | |
| Orb of Lightning | 1 | |
| Tiny Great Hall | 1 | |
| Scroll of Healing | 2 | |
30 total
Zirdongy (
yellow | 82 APM | 3171 actions | 38:42)
9 Blademaster
3 Wind Walk
3 Critical Strike
1 Bladestorm
2 Mirror Image
7 Tauren Chieftain
3 Endurance Aura
2 War Stomp
1 Reincarnation
1 Shockwave
5 Shadow Hunter
3 Healing Wave
2 Serpent Ward
» actions
| Assign group hotkey | 84 | |
| Basic commands | 29 | |
| Build / train | 141 | |
| Enter build submenu | 21 | |
| Enter hero's abilities submenu | 22 | |
| Give item / drop item | 7 | |
| Remove unit from queue | 11 | |
| Right click | 1435 | |
| Select / deselect | 708 | |
| Select group hotkey | 581 | |
| Use ability | 131 | |
3171 total
» units
| Peon | 23 | |
| Grunt | 5 | |
| Troll Headhunter/Berserker | 10 | |
| Wind Rider | 11 | |
| Shaman | 5 | |
| Tauren | 8 | |
62 total
» upgrades
| Armor | 3 | |
| Berserker Strength | 1 | |
| Melee Weapons | 3 | |
| Ranged Weapons | 3 | |
| Shaman Training | 2 | |
| Berserker Upgrade | 1 | |
| Envenomed Spears | 1 | |
| Pulverize | 1 | |
| Troll Regeneration | 1 | |
| Pillage | 1 | |
17 total
» buildings
| Orc Burrow | 8 | |
| Altar of Storms | 1 | |
| Barracks | 1 | |
| Voodoo Lounge | 1 | |
| War Mill | 4 | |
| Stronghold | 1 | |
| Great Hall | 4 | |
| Beastiary | 2 | |
| Spirit Lodge | 1 | |
| Tauren Totem | 1 | |
| Fortress | 1 | |
25 total
» build order
00:21 Orc Burrow
00:28 Altar of Storms
00:49 Barracks
01:39 Orc Burrow
01:59 Voodoo Lounge
02:26 War Mill
04:01 Stronghold
04:18 Orc Burrow
05:16 Great Hall
07:38 Beastiary
07:39 Beastiary
09:15 Orc Burrow
09:16 Orc Burrow
10:11 Great Hall
11:03 Spirit Lodge
11:05 Tauren Totem
11:10 War Mill
13:39 Orc Burrow
13:39 Orc Burrow
14:22 Fortress
20:28 War Mill
22:58 War Mill
24:15 Orc Burrow
26:53 Great Hall
34:56 Great Hall
» items
| Healing Salve | 11 | |
| Lesser Clarity Potion | 5 | |
| Scroll of Speed | 1 | |
| Scroll of Town Portal | 3 | |
| Orb of Lightning | 1 | |
| Scroll of Healing | 1 | |
| Orb of Corruption | 1 | |
23 total
FrancisTheClown (
orange | 63 APM | 2431 actions | 38:42)
10 Shadow Hunter
3 Hex
3 Healing Wave
1 Big Bad Voodoo
3 Serpent Ward
» actions
| Assign group hotkey | 38 | |
| Basic commands | 231 | |
| Build / train | 100 | |
| Enter build submenu | 19 | |
| Enter hero's abilities submenu | 10 | |
| Give item / drop item | 1 | |
| Remove unit from queue | 1 | |
| Right click | 599 | |
| Select / deselect | 350 | |
| Select group hotkey | 942 | |
| Use ability | 140 | |
2431 total
» units
| Peon | 15 | |
| Grunt | 16 | |
| Troll Witch Doctor | 11 | |
| Shaman | 12 | |
| Tauren | 7 | |
61 total
» upgrades
| Armor | 3 | |
| Melee Weapons | 3 | |
| Berserker Strength | 1 | |
| Shaman Training | 2 | |
| Witch Doctor Training | 2 | |
| Pillage | 1 | |
| Pulverize | 1 | |
13 total
» buildings
| Orc Burrow | 8 | |
| Altar of Storms | 1 | |
| Barracks | 1 | |
| War Mill | 1 | |
| Voodoo Lounge | 1 | |
| Stronghold | 1 | |
| Great Hall | 1 | |
| Spirit Lodge | 2 | |
| Fortress | 1 | |
| Tauren Totem | 4 | |
21 total
» build order
00:34 Orc Burrow
00:39 Altar of Storms
01:00 Barracks
01:08 War Mill
01:44 Orc Burrow
02:42 Voodoo Lounge
03:06 Orc Burrow
04:15 Stronghold
05:13 Great Hall
07:08 Spirit Lodge
07:10 Spirit Lodge
07:16 Fortress
12:06 Orc Burrow
12:10 Orc Burrow
12:12 Orc Burrow
17:03 Tauren Totem
17:07 Tauren Totem
17:11 Tauren Totem
17:14 Tauren Totem
18:26 Orc Burrow
18:28 Orc Burrow
» items
| Lesser Clarity Potion | 6 | |
| Healing Salve | 1 | |
| Scroll of Town Portal | 4 | |
| Orb of Lightning | 1 | |
12 total

»
Ha_Ha_Im_Blue (
red | 55 APM | 2117 actions | 38:42)
8 Crypt Lord
3 Carrion Beetles
3 Spiked Carapace
1 Impale
1 Locust Swarm
» actions
| Assign group hotkey | 14 | |
| Basic commands | 164 | |
| Build / train | 104 | |
| Enter build submenu | 31 | |
| Enter hero's abilities submenu | 8 | |
| Give item / drop item | 2 | |
| Right click | 1022 | |
| Select / deselect | 625 | |
| Select group hotkey | 39 | |
| Use ability | 107 | |
2117 total
» units
| Acolyte | 26 | |
| Ghoul | 3 | |
| Crypt Fiend | 38 | |
| Gargoyle | 1 | |
68 total
» upgrades
| Creature Attack | 3 | |
| Web | 1 | |
| Burrow | 1 | |
| Creature Carapace | 3 | |
| Backpack | 1 | |
9 total
» buildings
| Ziggurat | 16 | |
| Altar of Darkness | 1 | |
| Crypt | 2 | |
| Graveyard | 2 | |
| Tomb of Relics | 2 | |
| Halls of the Dead | 1 | |
| Spirit Tower | 5 | |
| Nerubian Tower | 1 | |
| Black Citadel | 1 | |
31 total
» build order
00:10 Ziggurat
00:11 Altar of Darkness
00:36 Crypt
01:19 Graveyard
01:21 Tomb of Relics
01:25 Tomb of Relics
03:00 Ziggurat
03:03 Ziggurat
03:07 Ziggurat
03:35 Halls of the Dead
03:58 Spirit Tower
04:00 Nerubian Tower
04:34 Spirit Tower
09:30 Black Citadel
11:10 Crypt
11:20 Graveyard
13:51 Ziggurat
13:53 Ziggurat
13:54 Ziggurat
15:14 Ziggurat
15:15 Ziggurat
19:41 Spirit Tower
24:00 Ziggurat
24:02 Ziggurat
24:03 Ziggurat
24:06 Ziggurat
27:16 Ziggurat
29:39 Spirit Tower
29:41 Spirit Tower
31:22 Ziggurat
31:24 Ziggurat
» items
| Rod of Necromancy | 1 | |
| Sacrificial Skull | 1 | |
| Lesser Clarity Potion | 2 | |
| Circlet of Nobility | 1 | |
| Orb of Corruption | 1 | |
| Potion of Mana | 2 | |
8 total
Chat log
(00:09 / All) FrancisTheClown: my team is fucked
(00:22 / All) Ha_Ha_Im_Blue: what a troll
(00:22 / All) FrancisTheClown: i'm_blue just put a green light on me he's a shot caller
(00:54 / All) FrancisTheClown: his boys are kiestering in weapons to kill me right now
(01:07 / All) Ha_Ha_Im_Blue: mama mia that'sa spicy meatball
(01:25 / All) FrancisTheClown: the frosties are kiestering in weapons to kill me
(01:57 / Allies) Ha_Ha_Im_Blue: ill go fiends
(02:25 / Allies) FrancisTheClown: casters and grunts
(07:34 / Allies) Ha_Ha_Im_Blue: omw teal
(07:41 / Allies) DanielCormier: no
(07:41 / Allies) DanielCormier: dont
(08:50 / Allies) Ha_Ha_Im_Blue: ima take
(09:59 / Allies) Ha_Ha_Im_Blue: we have a free mine
(11:06 / Allies) DanielCormier: wood
(15:46 / Allies) Ha_Ha_Im_Blue: thx
(16:09 / Allies) DanielCormier: b
(22:48 / Allies) DanielCormier: oh u dont have a tp fuck
(24:23 / Allies) FrancisTheClown: need aa
(24:29 / Allies) FrancisTheClown: fgot spiders though
(26:44 / Allies) FrancisTheClown: one massvie battle
(28:47 / All) RainDance: gg
(29:17 / All) DanielCormier: theres a reason why u dont break upkeeop
(29:18 / Allies) FrancisTheClown: voodoo up
(29:30 / All) Saintws: its not that
(29:37 / All) DanielCormier: u guys had like 200 food
(29:40 / All) Saintws: my teammates dont know how to play teams
(29:50 / All) Saintws: i had 8k at one point
(32:47 / All) DanielCormier: good harass btw
(33:52 / Allies) Zirdongy: vuudu ?
(34:48 / Allies) FrancisTheClown: careful
(37:47 / Allies) Zirdongy: gold ?
(38:01 / All) DanielCormier: real mature